 Dungeon Crawl Stone Soup version 0.27-a0-819-g058290f16d (webtiles) character file.

Game seed: 6089904059310640888

20572 polve the Severer (level 12, -3/118 HPs)
             Began as a Hill Orc Berserker on Mar 29, 2021.
             Was a High Priest of Trog.
             Engulfed by an ice statue's freezing vapour (13 damage)
             ... in an ice cave.
             The game lasted 00:12:36 (13050 turns).

polve the Severer (Hill Orc Berserker)             Turns: 13050, Time: 00:12:36

Health: -3/118     AC: 16    Str: 25    XL:     12   Next: 80%
Magic:  4/4        EV: 11    Int:  7    God:    Trog [*****.]
Gold:   675        SH:  0    Dex: 10    Spells: 11/11 levels left

rFire    . . .     SeeInvis .   P - +5 executioner's axe (antimagic)
rCold    + + .     Faith    .   (shield currently unavailable)
rNeg     . . .     Spirit   .   J - +0 acid dragon scales
rPois    .         Reflect  .   (helmet restricted)
rElec    .         Harm     .   H - +2 cloak {rCorr}
rCorr    +         Rampage  .   (no gloves)
Will     ++...                  (no boots)
Stlth    +.........             q - amulet of the acrobat
HPRegen  1.29/turn              w - ring of protection from cold
MPRegen  0.09/turn              D - ring of protection from cold

@: brilliant, berserk cooldown, regenerating, slowed, very slow
A: horns 1, iridescent scales 1, shaggy fur 1, subdued magic 1
a: Renounce Religion, Berserk, Trog's Hand, Brothers in Arms


You were in an ice cave.
You worshipped Trog.
Trog was extremely pleased with you.
You visited 1 branch of the dungeon, and saw 12 of its levels.
You also visited: Ice Cave.

You collected 675 gold pieces.

Inventory:

Hand Weapons
 r - a +3 eveningstar of draining
 v - a +2 hand axe of electrocution
 P - a +5 antimagic executioner's axe (weapon)
Armour
 H - a +2 cloak of preservation (worn)
 J - +0 acid dragon scales (worn)
 Q - a +0 pair of gloves
Jewellery
 a - a +6 ring of dexterity
 m - a +4 ring of protection
 q - an amulet of the acrobat (around neck)
 w - a ring of protection from cold (left hand)
 z - a +6 ring of strength
 D - a ring of protection from cold (right hand)
 M - a ring of flight
Wands
 b - a wand of random effects (15)
 t - a wand of digging (3)
 B - a wand of flame (46)
 C - a wand of iceblast (11)
 F - a wand of acid (21)
Scrolls
 c - 2 scrolls of magic mapping
 e - 6 scrolls of identify
 j - 3 scrolls of enchant armour
 k - 6 scrolls of teleportation
 l - 4 scrolls of enchant weapon
 n - 2 scrolls of fog {unknown}
 o - a scroll of acquirement {unknown}
 y - 4 scrolls of amnesia {unknown}
 A - a scroll of fear {unknown}
 I - a scroll of vulnerability {unknown}
 K - a scroll of blinking
 L - 4 scrolls of holy word {unknown}
 N - a scroll of noise {unknown}
Potions
 d - 4 potions of might
 f - 2 potions of brilliance
 g - a potion of attraction {unknown}
 h - 3 potions of mutation
 i - 4 potions of curing
 p - a potion of resistance {unknown}
 s - 3 potions of cancellation {unknown}
 u - 2 potions of degeneration {unknown}
 x - a potion of heal wounds {unknown}
 E - 2 potions of haste {unknown}
 G - a potion of invisibility {unknown}
 O - a potion of lignification {unknown}


   Skills:
 + Level 14.3 Fighting
 - Level 15.2 Axes
 + Level 13.1 Armour
 - Level 1.7 Dodging


You had 11 spell levels left.
You didn't know any spells.
Your spell library was empty.

Dungeon Overview and Level Annotations

Branches:
Dungeon (12/15)            Temple (0/1) D:4            Lair (0/6) D:11
    Orc (0/2) D:11          IceCv (1/1)

Altars:
Cheibriados
Gozag
Hepliaklqana
Kikubaaqudgha
Qazlal
Trog
Yredelemnul

Shops:
D:5 (

Annotations:
IceCv 1 transporter, exclusion: ice statue


Innate Abilities, Weirdness & Mutations

You have a pair of small horns on your head.
You are partially covered in iridescent scales. (AC +2)
You are covered in fur. (AC +1)
Your spells are a little easier to cast, but a little less powerful.


Message History

* * * LOW HITPOINT WARNING * * *
The ice beast freezes you. You resist.
* * * LOW HITPOINT WARNING * * *
It was a potion of curing.
You feel better.
The ice beast hits you but does no damage. x2
The ice statue gestures at you. The freezing blast engulfs you. You resist.
* * * LOW HITPOINT WARNING * * *
The ice beast hits you but does no damage.
Your skin crawls.
You feel strong-willed.
You are engulfed in freezing vapours.
You resist.
The ice beast hits you but does no damage.
The ice beast barely misses you.
The ice beast hits you but does no damage.
The ice statue glitters chillingly in the dim dungeon light.
The ice beast misses you. The ice statue gestures at you.
The freezing blast engulfs you. You resist.
* * * LOW HITPOINT WARNING * * *
The ice beast closely misses you. The ice beast misses you.
You slice the ice statue!!
The ice statue's magic leaks into the air.
The ice statue is heavily damaged.
You slice the ice beast!!
You kill the ice beast!
You hit the ice beast.
You are engulfed in freezing vapours.
You resist.
* * * LOW HITPOINT WARNING * * *
The ice beast hits you.
* * * LOW HITPOINT WARNING * * *
The ice beast freezes you. You resist.
* * * LOW HITPOINT WARNING * * *
The ice beast hits you but does no damage.
You slice the ice statue!!
The ice statue's magic leaks into the air.
You headbutt the ice statue.
The ice statue is almost destroyed.
You closely miss the ice beast.
You are engulfed in freezing vapours.
You resist.
You die...

###...####
##........##
#..........##
#...........##
#.8...†......#
#$.?.........#
#©).$.°.°©.∩.#
#?.?.Y.○.....#
#.8..8@○.....#
#....°☼○°...##
#......☼...##
##........##
###...####
#####


You could see an ice statue and an ice beast (summoned).

Vanquished Creatures
  A boulder beetle (D:11)
  Erolcha (D:10)
  A catoblepas (D:9)
  5 two-headed ogres
  2 slime creatures (D:12)
  4 ugly things
  A manticore (D:9)
  The ghost of ma3 the Ruffian, a novice TrGl (D:5)
  An ice statue (IceCv)
  An unseen horror (D:9)
  Grinder (D:4)
  4 trolls
  Sigmund (D:4)
  A shadow (D:11)
  3 wraiths
  26 yaks
  3 vampire mosquitoes (D:12)
  2 steam dragons
  3 acid dragons
  A water moccasin (D:6)
  A sky beast (D:7)
  3 orc warriors
  15 ice beasts
  An ogre (D:7)
  2 necrophages
  5 centaurs
  3 kobold brigands
  2 bullfrogs
  A gnoll sergeant (D:6)
  4 scorpions
  2 water moccasin skeletons (D:4)
  4 killer bees (D:9)
  11 wights
  3 electric eels (D:8)
  A troll skeleton (D:9)
  2 howler monkeys
  3 centaur zombies
  A bullfrog skeleton (D:6)
  3 jellies
  A gnoll shaman (D:6)
  A human zombie (D:9)
  6 orc priests
  2 hounds
  Ijyb (D:3)
  A human skeleton (D:9)
  Natasha (thrice) (D:2)
  4 iguanas
  5 orc wizards
  2 killer bee zombies (D:8)
  3 hound skeletons
  2 mummies (D:9)
  A howler monkey zombie (D:11)
  9 gnolls
  4 adders
  2 shadow imps (D:5)
  2 white imps
  An ufetubus (D:5)
  2 worms
  A dart slug (D:1)
  11 orcs
  7 bats
  4 endoplasms
  5 giant cockroaches
  18 goblins
  3 hobgoblins (D:4)
  19 jackals
  3 quokkas
  7 ball pythons
  3 frilled lizards
  26 kobolds
  An orc skeleton (D:9)
  An orc zombie (D:9)
  4 rats
  2 bushes (D:11)
297 creatures vanquished.

Vanquished Creatures (others)
  A centaur zombie (D:9)
  3 plants
4 creatures vanquished.

Grand Total: 301 creatures vanquished

Notes
Turn   | Place    | Note
-------+----------+-------------------------------------------
     0 | D:1      | polve the Hill Orc Berserker began the quest for the Orb.
     0 | D:1      | Reached XP level 1. HP: 19/19 MP: 1/1
   386 | D:1      | Reached XP level 2. HP: 16/26 MP: 2/2
   565 | D:1      | Reached skill level 5 in Axes
   751 | D:1      | Reached ** piety under Trog
   928 | D:1      | Reached XP level 3. HP: 28/31 MP: 3/3
  1446 | D:2      | Noticed Natasha
  1455 | D:2      | Reached skill level 6 in Axes
  1459 | D:2      | Killed Natasha
  1460 | D:2      | Reached XP level 4. HP: 33/39 MP: 4/4
  1613 | D:2      | Noticed Natasha
  1623 | D:2      | Killed Natasha
  1624 | D:2      | Reached skill level 7 in Axes
  1710 | D:2      | Noticed Natasha
  1718 | D:2      | Killed Natasha
  1719 | D:2      | Reached XP level 5. HP: 18/45 MP: 5/5
  2257 | D:3      | Reached *** piety under Trog
  2634 | D:3      | Found a basalt altar of Yredelemnul.
  2634 | D:3      | Found a hazy altar of Hepliaklqana.
  2953 | D:3      | Noticed Ijyb
  2958 | D:3      | Reached skill level 8 in Axes
  2968 | D:3      | Killed Ijyb
  3208 | D:4      | Found a staircase to the Ecumenical Temple.
  3294 | D:4      | Reached XP level 6. HP: 49/51 MP: 6/6
  3468 | D:4      | Noticed Sigmund
  3486 | D:4      | Killed Sigmund
  3487 | D:4      | Reached skill level 9 in Axes
  3715 | D:4      | Reached skill level 10 in Axes
  3715 | D:4      | Reached XP level 7. HP: 54/57 MP: 7/7
  3756 | D:4      | Noticed Grinder
  3763 | D:4      | Killed Grinder
  3764 | D:4      | Reached skill level 11 in Axes
  3782 | D:4      | Reached **** piety under Trog
  4289 | D:4      | Reached XP level 8. HP: 47/64 MP: 8/8
  4784 | D:5      | Entered Level 5 of the Dungeon
  4825 | D:5      | Reached skill level 12 in Axes
  5400 | D:5      | Found Pohabith's Hydra Hut.
  5406 | D:5      | Noticed a five-headed hydra
  5585 | D:5      | Found a runed translucent door.
  5591 | D:5      | Reached skill level 13 in Axes
  5591 | D:5      | Noticed ma3's ghost (novice TrGl)
  5591 | D:5      | Noticed a two-headed ogre
  5938 | D:5      | Killed a two-headed ogre
  5939 | D:5      | Reached skill level 14 in Axes
  5939 | D:5      | Reached XP level 9. HP: 70/70 MP: 9/9
  5948 | D:5      | Killed ma3's ghost
  5949 | D:5      | Reached skill level 15 in Axes
  6202 | D:6      | Found a stormy altar of Qazlal.
  6406 | D:6      | Found a snail-covered altar of Cheibriados.
  6406 | D:6      | Found a bloodstained altar of Trog.
  6573 | D:6      | Reached skill level 5 in Fighting
  6997 | D:7      | Reached skill level 5 in Armour
  7044 | D:7      | Reached ***** piety under Trog
  7057 | D:7      | Reached XP level 10. HP: 74/83 MP: 10/10
  7107 | D:7      | Found an opulent altar of Gozag.
  7949 | D:8      | Found a transporter.
  8135 | D:8      | Found a transporter.
  8958 | D:9      | Noticed a catoblepas
  8964 | D:9      | Killed a catoblepas
  8965 | D:9      | Noticed a green ugly thing
  8982 | D:9      | Killed a green ugly thing
  9228 | D:9      | Found an ancient bone altar of Kikubaaqudgha.
  9233 | D:9      | Received a gift from Trog
  9369 | D:9      | Reached skill level 10 in Fighting
  9378 | D:9      | Reached XP level 11. HP: 89/99 MP: 11/11
  9918 | D:9      | Noticed a manticore
  9933 | D:9      | Killed a manticore
 10258 | D:10     | Entered Level 10 of the Dungeon
 10460 | D:10     | Reached skill level 10 in Armour
 10677 | D:10     | Noticed Erolcha
 10689 | D:10     | Killed Erolcha
 10821 | D:10     | Noticed a two-headed ogre
 10848 | D:10     | Killed a two-headed ogre
 11149 | D:11     | Found a staircase to the Orcish Mines.
 11306 | D:11     | Noticed a boulder beetle
 11343 | D:11     | Killed a boulder beetle
 11344 | D:11     | Reached XP level 12. HP: 70/113 MP: 12/12
 11530 | D:11     | Noticed a two-headed ogre
 11539 | D:11     | Killed a two-headed ogre
 11688 | D:11     | Noticed a two-headed ogre
 11709 | D:11     | Killed a two-headed ogre
 12071 | D:11     | Noticed a two-headed ogre
 12078 | D:11     | Killed a two-headed ogre
 12148 | D:11     | Found a staircase to the Lair.
 12559 | D:12     | Received a gift from Trog
 12716 | D:12     | Found a frozen archway.
 12743 | IceCv    | Entered an ice cave
 13007 | IceCv    | Found a transporter.
 13027 | IceCv    | Found a transporter.
 13043 | IceCv    | Gained mutation: You have a pair of small horns on your
                  | head. [potion of mutation]
 13043 | IceCv    | Gained mutation: Your spells are a little easier to cast,
                  | but a little less powerful. [potion of mutation]
 13043 | IceCv    | Gained mutation: You are covered in fur. (AC +1) [potion of
                  | mutation]
 13043 | IceCv    | Gained mutation: You are partially covered in iridescent
                  | scales. (AC +2) [potion of mutation]
 13050 | IceCv    | Engulfed by an ice statue's freezing vapour

Illustrated notes

Levels and vault maps discovered:
D:1:      dpeg_arrival_round_a, layout_basic, st_stairs_7, minmay_liquid_box
D:2:      layout_basic, uniq_natasha
D:3:      kennysheep_goblin_castle, layout_loops_ring,
          gammafunk_temple_overflow_elements
D:4:      minmay_opposing_rooms, layout_basic, minmay_temple_entry_stoned_glass,
          uniq_grinder, uniq_sigmund
D:5:      layout_layer_cave, ebering_ghost_inner_flame, doesnt_shop_hydraphobe
D:6:      layout_loops_ring, lemuel_doored_altar,
          gammafunk_temple_overflow_pools
D:7:      layout_rooms, grunt_gozag_breadcrumbs
D:8:      gammafunk_steamed_eel, layout_basic
D:9:      minmay_distorted_concentric_squares, layout_small_grid,
          lemuel_mausoleum_altar_kikubaaqudgha, serial_co_window_serial,
          co_window_paths_a, co_window_paths_b, co_window_corner_a,
          co_window_corner_a, co_window_of_opportunity_a, co_window_paths_b,
          co_window_corner_a, co_window_of_opportunity_b, co_window_2corner,
          co_window_corner_b, co_window_4corner_a, glass_columns_b, minivault_20
D:10:     layout_rooms, uniq_erolcha
D:11:     layout_big_octagon, lair_entry_dummy, orc_0_dummy, serial_park,
          serial_park_square3 [serial_park_minivault_5x5_7], serial_park_square1
          [serial_park_minivault_5x5_5], serial_park_tiny_1,
          serial_park_square2, nrook_mini_backslash
D:12:     layout_loops_corners, serial_rivers, chequers_serial_rivers_large_a,
          chequers_serial_rivers_small_b, chequers_serial_rivers_marsh,
          chequers_serial_rivers_small_b, portal_ice_cave_entry_ice_beasts,
          special_room [special_room_orc], minmay_misc_feat_plants
IceCv:    ice_cave_statue_garden_transporter

Skill      XL: |  1  2  3  4  5  6  7  8  9 10 11 12 |
---------------+-------------------------------------+-----
Axes           | 5 6 7 8 10 11 14 15 | 15.2
Fighting       | 6 10 12 14 | 14.3
Armour         | 5 8 11 13 | 13.1
Dodging        | |  1.7

Action                   |  1- 3 |  4- 6 |  7- 9 | 10-12 || total
-------------------------+-------+-------+-------+-------++-------
Melee: Hand axe          |    86 |   180 |   235 |   422 ||   923
       Executioner's axe |       |       |       |    39 ||    39
       Headbutt          |       |       |       |     1 ||     1
Invok: Berserk           |     1 |     1 |     3 |    14 ||    19
       Trog's Hand       |       |       |     1 |     1 ||     2
Evoke: Wand              |       |       |       |     4 ||     4
  Use: Scroll            |       |       |     8 |       ||     8
       Potion            |       |       |       |     3 ||     3
 Stab: Sleeping          |     1 |       |       |     2 ||     3
       Distracted        |       |       |     1 |       ||     1
       Petrified         |       |       |       |     7 ||     7
Armor: Animal skin       |    18 |       |       |       ||    18
       Ring mail         |       |    45 |    62 |       ||   107
       Steam dragon scal |       |       |     7 |    17 ||    24
       Acid dragon scale |       |       |       |   149 ||   149
Dodge: Dodged            |    68 |   109 |   109 |   255 ||   541

Table legend: (Time is in decaauts)
 A = Elapsed time spent in this place.
 B = Non-inter-level travel time spent in this place.
 C = Inter-level travel time spent in this place.
 D = Time resting spent in this place.
 E = Time spent auto-exploring this place.
 F = Levels seen in this place.
 G = Mean time per level.
                   A        B        C        D        E       F      G
               +--------+--------+--------+--------+--------+-----+--------+
         Total |  12989 |  12684 |    305 |    391 |  10666 |  13 |  999.2 |
       Dungeon |  12662 |  12357 |    305 |    138 |  10656 |  12 | 1055.2 |
      Ice Cave |    327 |    327 |      0 |    253 |     10 |   1 |  327.0 |
               +--------+--------+--------+--------+--------+-----+--------+

Top non-repeatable levels by time:
     D:9: 1679 daAuts
     D:4: 1657 daAuts
     D:1: 1388 daAuts
     D:5: 1299 daAuts
    D:11: 1229 daAuts
     D:3: 931 daAuts
     D:8: 926 daAuts
    D:10: 872 daAuts
     D:2: 823 daAuts
     D:7: 798 daAuts
     D:6: 679 daAuts
    D:12: 376 daAuts
   IceCv: 327 daAuts
